 Dungeon Crawl Stone Soup version 0.30.0-17-ge0270778cf (webtiles) character file.

Game seed: 15877536407206814449

530 olmar the Covered (level 7, -4/60 HPs)
             Began as a Meteoran Fighter on May 21, 2023.
             Slain by an orc wizard
             ... wielding the +0 whip of a bailey {freeze, *Rage rN+ Dex+5}
              (5 damage)
             ... on level 4 of the Dungeon.
             The game lasted 00:08:31 (1549 turns).

olmar the Covered (Meteoran Fighter)                Turns: 1549, Time: 00:08:31

Health: -4/60      AC: 10    Str: 21    XL:     7   Next: 78%
Magic:  8/8        EV: 11    Int:  9    God:
Gold:   170        SH:  5    Dex: 13    Spells: 6/6 levels left

rFire   . . .        a - +0 flail
rCold   . . .        c - +0 buckler
rNeg    . . .        p - +0 acid dragon scales
rPois   .            (no helmet)
rElec   .            n - +0 cloak
rCorr   +            l - +0 pair of gloves
SInv    .            (no boots)
Will    .....        (no amulet)
Stlth   +            (no ring)
HPRegen 0.30/turn    (no ring)
MPRegen 0.11/turn

%: no passive effects
@: glowing, studying Axes
A: sense surroundings 1, otherworldly, glowing, explore regen
a: no special abilities


You were on level 4 of the Dungeon.
You visited 1 branch of the dungeon, and saw 4 of its levels.

You collected 170 gold pieces.

Inventory:

Hand Weapons
 a - a +0 flail (weapon)
Armour
 b - a +0 scale mail
 c - a +0 buckler (worn)
 l - a +0 pair of gloves (worn)
 n - a +0 cloak (worn)
 p - +0 acid dragon scales (worn)
Jewellery
 t - a +6 ring of intelligence
Wands
 j - a wand of charming (7)
 m - a wand of roots (1)
Scrolls
 e - 2 scrolls of blinking
 f - a scroll of teleportation
 g - a scroll of noise
 h - 2 scrolls of vulnerability
 k - a scroll of enchant weapon {unknown}
 o - a scroll of silence {unknown}
 q - a scroll of fog {unknown}
 r - a scroll of enchant armour {unknown}
 s - a scroll of acquirement {unknown}
 u - 2 scrolls of poison
Potions
 d - 2 potions of might
 i - a potion of haste


   Skills:
 + Level 4.5 Fighting
 + Level 5.8 Maces & Flails
 + Level 6.2 Armour
 + Level 2.2 Dodging
 + Level 4.5 Shields
 + Level 1.6 Evocations


You had 6 spell levels left.
You didn't know any spells.
Your spell library contained the following spells:

 Spells                   Type           Power      Damage    Failure   Level
 Foxfire                  Conj/Fire      0%         2x1d4     52%         1
 Blink                    Tloc           0%         N/A       67%         2
 Lesser Beckoning         Tloc           0%         N/A       67%         2
 Momentum Strike          Conj/Tloc      0%         3d8       67%         2
 Ignition                 Fire           0%         3d3       100%        8
 Fire Storm               Conj/Fire      0%         5d1       100%        9


Dungeon Overview and Level Annotations

Branches:
Dungeon (4/15) Zot: 830    Temple (0/1) D:4

Altars:
Fedhas
Nemelex Xobeh
Yredelemnul

Shops:
D:2 *   D:4 =


Innate Abilities, Weirdness & Mutations

You passively map a small area around you.
You are easily found by Zot.
You glow in the dark.
You regain HP and MP as you explore.


Message History

Unknown command.
You miss something. Something hits you but does no damage.
Unknown command.
You closely miss something. Something hits you but does no damage.
Something hits you.
* * * LOW HITPOINT WARNING * * *
Something freezes you.
* * * LOW HITPOINT WARNING * * *
Unknown command.
Aiming: Fastroot
Press: ? - help, Shift-Dir - straight line The roots erupt in riotous growth!
You hear a shout!
You hear an angry hiss.
Something hits you.
* * * LOW HITPOINT WARNING * * *
Something freezes you.
* * * LOW HITPOINT WARNING * * *
Something hits you but does no damage.
Unknown command.
Unknown command.
Unknown command.
Unknown command.
Okay, then.
Okay, then.
You hit something. Something hits you but does no damage.
Unknown command.
Unknown command.
You barely miss something. Something hits you.
* * * LOW HITPOINT WARNING * * *
Something freezes you.
* * * LOW HITPOINT WARNING * * *
Something hits you but does no damage.
Unknown command.
Unknown command.
Aiming: Fastroot
Press: ? - help, Shift-Dir - straight line, f - you The roots erupt in riotous growth!
You hear a shout!
Something hits you.
You die...

** , * 8 * .# , ## ###
##. * , . .,...,.., , ,
# , *#...... * * , .#.#.
* ** ... * #{#,# *#+#
#@#.# , #. #.# ##.#.# #.
#### #.# #....# *##.##
...###.## #..### * ,...#
##.##...## #..#####.# ,
#..# ##.#.....#
#........# ,* #..#
...)....#######.########
, #..# ##.###..........#
* #... ##.# ############
* * ##.#


There were no monsters in sight!

Vanquished Creatures
  An acid dragon (D:4)
  A sky beast (D:4)
  A scorpion (D:4)
  A wight (D:4)
  2 hounds (D:4)
  An adder (D:4)
  An ufetubus (D:4)
  2 dart slugs
  5 orcs (D:4)
  5 endoplasms
  3 giant cockroaches (D:4)
  5 goblins
  5 hobgoblins
  4 kobolds
  2 ball pythons
  3 bats
  2 frilled lizards
  2 rats
46 creatures vanquished.

Vanquished Creatures (collateral kills)
  2 wights (D:4)
2 creatures vanquished.

Grand Total: 48 creatures vanquished

Notes
Turn   | Place    | Note
-------+----------+-------------------------------------------
     0 | D:1      | olmar the Meteoran Fighter began the quest for the Orb.
     0 | D:1      | Reached XP level 1. HP: 19/19 MP: 2/2
   121 | D:1      | You fall into a shaft and drop 1 floor!
   158 | D:1      | Reached XP level 2. HP: 25/26 MP: 3/3
   217 | D:1      | Found a faded altar of an unknown god.
   292 | D:2      | Found a basalt altar of Yredelemnul.
   330 | D:2      | Reached skill level 4 in Armour
   444 | D:2      | Found Ehicoup's Assorted Antiques.
   547 | D:2      | Reached XP level 3. HP: 31/31 MP: 4/4
   610 | D:3      | Found a sparkling altar of Nemelex Xobeh.
   650 | D:3      | Found a blossoming altar of Fedhas.
   953 | D:4      | Noticed a scorpion
   962 | D:4      | Killed a scorpion
   963 | D:4      | Reached skill level 5 in Armour
   963 | D:4      | Reached XP level 4. HP: 7/40 MP: 5/5
   963 | D:4      | Reached XP level 5. HP: 8/46 MP: 6/6
   969 | D:4      | HP: 1/46 [hound (3)]
  1065 | D:4      | Found a staircase to the Ecumenical Temple.
  1137 | D:4      | Reached skill level 1 in Dodging
  1137 | D:4      | Reached XP level 6. HP: 30/52 MP: 7/7
  1152 | D:4      | Found Icotekkalu's Jewellery Emporium.
  1184 | D:4      | Got the Folio of Combustion
  1197 | D:4      | Noticed a sky beast
  1204 | D:4      | Reached skill level 5 in Maces & Flails
  1204 | D:4      | Reached skill level 1 in Evocations
  1204 | D:4      | Reached XP level 7. HP: 57/60 MP: 8/8
  1209 | D:4      | Reached skill level 6 in Armour
  1231 | D:4      | Noticed an acid dragon
  1246 | D:4      | Killed an acid dragon
  1523 | D:4      | Identified the +0 whip of a bailey {freeze, *Rage rN+
                  | Dex+5}
  1548 | D:4      | HP: 1/60 [something (3)]
  1549 | D:4      | Slain by an orc wizard

Illustrated notes

Levels and vault maps discovered:
D:1:      dpeg_arrival_chambers_temple_mockup, layout_basic, serial_forest,
          infiniplex_forest_end_3, infiniplex_forest_lined_3,
          infiniplex_forest_clump_large, infiniplex_forest_lined_room_2,
          infiniplex_forest_lined_2, infiniplex_forest_clump_diagonal,
          infiniplex_forest_lined_3, hellmonk_ecumenical_altar_arch_garden
D:2:      minmay_chambers_of_twos, layout_basic, serial_shops,
          nicolae_shop_rolling_square, basic_altar
D:3:      layout_basic, mainiacjoe_overflow_boulevard,
          mainiacjoe_overflow_surrounded_room
D:4:      layout_loops_corners, mainiacjoe_overflow_six_doors_small,
          kennysheep_little_box, nicolae_overflow_hidden_temple,
          minmay_temple_entry_grid, serial_shops, nicolae_diamond_shop,
          st_stairs_1, minmay_gold_behind_fungi, minmay_manual_mail

Skill      XL: |  1  2  3  4  5  6  7 |
---------------+----------------------+-----
Armour         | 4 5 6 |  6.2
Maces & Flails | 3 4 5 |  5.8
Shields        | 4 |  4.5
Fighting       | 4 |  4.5
Dodging        | 1 2 |  2.2
Evocations     | 1 |  1.6

Action                     |  1- 3 |  4- 6 |  7- 9 || total
---------------------------+-------+-------+-------++-------
  Melee: Flail             |    74 |    35 |    67 ||   176
  Evoke: Wand              |     2 |     8 |     6 ||    16
    Use: Scroll            |     4 |       |     2 ||     6
         Potion            |       |     1 |     4 ||     5
 Armour: Scale mail        |    43 |    18 |    15 ||    76
         Acid dragon scale |       |       |    15 ||    15
         Skin              |       |       |     2 ||     2
  Dodge: Dodged            |    18 |    15 |    18 ||    51
  Block: Buckler           |    18 |     9 |    20 ||    47
